cohdb
Replays
Latest Replays
All Replays
Popular Replays
Top Player Replays
Match Explorer
How It Works
Community
CoH3 Stats
Reddit
Sign in to upload your games and track your stats! →
Sign in with Steam
Match 45183924
Unlisted
Match 45183924
Overview
Messages
Build Orders
End
Selects Italian Combined Arms Battlegroup
Kradschützen Motorcycle Team
Selects Bersaglieri Squad
Bersaglieri Squad
Bersaglieri Squad
Construct Light Support Kompanie
Bersaglieri Squad
Selects Bersaglieri Bolster
Construct Mechanized Kompanie
Selects Breda Model 30 Light Machine Guns
Veteran Squad Leaders
8 Rad Armored Car
Panzerjäger Mechanized Group
Vehicle Survival Package
Support Armor Elements
Emergency Repair Kits
Selects Semovente da 75/18 Assault Gun
254 Reconnaissance Tractor
Selects Strafing Run
Selects Pact of Steel
Marder III Tank Destroyer
Marder III Tank Destroyer
8 Rad Armored Car
Strafing Run
Marder III Tank Destroyer
T.R. Olvadi
Makros
noony2351
ST Hélios | No Game No Life
0
0
Comments
sign in to comment!
No comments posted yet!